[ AOE2 MATCH · #486144807 ]
UnrankedBurgundians vs Japanese
[ REPLAY ANALYSIS · EXTRACTED FROM THE RECORDED GAME ]
Feudal
14:26
Castle
20:44
Imperial
41:08
| APM avg | 41.3 |
| APM peak | 105 |
| eAPM avg | 23.6 |
| Villagers / military | 143 / 339 |
Focus
⚔️ 26.9% · 🌾 73.1%
Knight ×147 · Scout Cavalry ×109 · Coustillier ×75 · Battering Ram ×4 · Monk ×3 · Spearman ×1
Feudal
18:26
Castle
25:51
Imperial
35:33
| APM avg | 12.2 |
| APM peak | 51 |
| eAPM avg | 7.3 |
| Villagers / military | 118 / 133 |
Focus
⚔️ 21.6% · 🌾 78.4%
Spearman ×44 · Archer ×36 · Samurai ×32 · Skirmisher ×21
Feudal
14:09
Castle
24:51
Imperial
37:37
| APM avg | 10.0 |
| APM peak | 49 |
| eAPM avg | 5.3 |
| Villagers / military | 80 / 49 |
Focus
⚔️ 24.4% · 🌾 75.6%
Steppe Lancer ×21 · Kipchak ×13 · Knight ×5 · Scorpion ×4 · Battering Ram ×4 · Monk ×2
Feudal
16:06
Castle
29:23
Imperial
53:45
| APM avg | 27.0 |
| APM peak | 66 |
| eAPM avg | 16.1 |
| Villagers / military | 109 / 294 |
Focus
⚔️ 48.8% · 🌾 51.2%
Spearman ×164 · Militia ×80 · Karambit Warrior ×28 · Battle Elephant ×11 · Battering Ram ×6 · Petard ×5
Feudal
15:03
Castle
26:29
Imperial
36:32
| APM avg | 21.1 |
| APM peak | 52 |
| eAPM avg | 12.2 |
| Villagers / military | 84 / 194 |
Focus
⚔️ 34.8% · 🌾 65.2%
Genoese Crossbowman ×112 · Spearman ×55 · Unknown (882) ×28 · Militia ×19 · Trebuchet (Packed) ×6 · Monk ×2
Feudal
15:27
Castle
30:33
Imperial
44:20
| APM avg | 17.9 |
| APM peak | 64 |
| eAPM avg | 11.0 |
| Villagers / military | 107 / 81 |
Focus
⚔️ 32.4% · 🌾 67.6%
Skirmisher ×80 · Monk ×1
Feudal
—
Castle
—
Imperial
—
| APM avg | 13.7 |
| APM peak | 75 |
| eAPM avg | 9.1 |
| Villagers / military | 103 / 182 |
Focus
⚔️ 45.4% · 🌾 54.6%
Spearman ×97 · Scorpion ×31 · Throwing Axeman ×22 · Militia ×11 · Mangonel ×11 · Scout Cavalry ×4
Feudal
14:24
Castle
30:23
Imperial
—
| APM avg | 15.9 |
| APM peak | 63 |
| eAPM avg | 6.5 |
| Villagers / military | 55 / 20 |
Focus
⚔️ 24.9% · 🌾 75.1%
Scout Cavalry ×17 · Militia ×3
Match map
Initial resources + every placement click. Lines = walls · curves = elevation contours. ◆ gold · ⬟ stone · ● berries · ✦ relic · ◌ wall gap
Your base· Open — unwalled flank
LiMe86's base· Open — 6t gap
Leoking's base· Open — 6t gap
cagatai's base· Open — 6t gap
Chopipo's base· Open — 4t gap
DOM's base· Open — 5t gap
KURD478156's base· Open — 4t gap
eaJ's base· Open — unwalled flank
Smoothed initial terrain · ◌ = detected wall gap · hover for details
Inputs per minute
— CDLP_Themachine - - LiMe86
Build order — CDLP_Themachine
First 150 of 481 actions detected
| 0:54 | Build | Town Center |
| 1:49 | Build | House |
| 3:31 | Queue | Villager (Male) |
| 3:31 | Queue | Villager (Male) |
| 3:31 | Queue | Villager (Male) |
| 3:31 | Queue | Villager (Male) |
| 3:32 | Queue | Villager (Male) |
| 4:24 | Queue | Villager (Male) |
| 4:24 | Queue | Villager (Male) |
| 4:30 | Build | House |
| 5:24 | Queue | Villager (Male) |
| 5:24 | Queue | Villager (Male) |
| 5:44 | Build | Lumber Camp |
| 5:46 | Queue | Villager (Male) |
| 5:46 | Queue | Villager (Male) |
| 5:47 | Queue | Villager (Male) |
| 6:14 | Queue | Villager (Male) |
| 6:14 | Queue | Villager (Male) |
| 6:14 | Queue | Villager (Male) |
| 6:28 | Build | House |
| 6:58 | Queue | Villager (Male) |
| 6:58 | Queue | Villager (Male) |
| 6:59 | Queue | Villager (Male) |
| 7:42 | Queue | Villager (Male) |
| 7:42 | Queue | Villager (Male) |
| 7:42 | Queue | Villager (Male) |
| 7:47 | Build | Mill |
| 7:58 | Queue | Villager (Male) |
| 8:14 | Queue | Villager (Male) |
| 8:14 | Queue | Villager (Male) |
| 8:25 | Build | House |
| 8:54 | Research | Loom |
| 9:03 | Queue | Villager (Male) |
| 9:03 | Queue | Villager (Male) |
| 9:03 | Queue | Villager (Male) |
| 9:03 | Queue | Villager (Male) |
| 9:11 | Queue | Villager (Male) |
| 9:11 | Queue | Villager (Male) |
| 9:12 | Queue | Villager (Male) |
| 9:36 | Queue | Villager (Male) |
| 10:08 | Queue | Villager (Male) |
| 10:15 | Research | Double-Bit Axe |
| 11:19 | Build | House |
| 11:35 | Research | Feudal Age |
| 12:03 | Build | Mining Camp |
| 12:44 | Build | Barracks |
| 12:53 | Build | House |
| 13:17 | Research | Wheelbarrow |
| 13:24 | Queue | Villager (Male) |
| 13:25 | Queue | Villager (Male) |
| 14:26 | Age | Feudal Age |
| 14:29 | Build | Stable |
| 14:57 | Build | Blacksmith |
| 15:24 | Queue | Scout Cavalry |
| 15:25 | Queue | Scout Cavalry |
| 15:25 | Queue | Scout Cavalry |
| 15:26 | Queue | Scout Cavalry |
| 15:27 | Queue | Scout Cavalry |
| 15:46 | Build | Stable |
| 16:35 | Build | House |
| 17:00 | Build | Market |
| 17:06 | Queue | Villager (Male) |
| 17:06 | Queue | Villager (Male) |
| 18:04 | Research | Castle Age |
| 19:05 | Research | Bow Saw |
| 19:25 | Queue | Spearman |
| 19:31 | Research | Gold Mining |
| 19:48 | Build | House |
| 19:49 | Build | House |
| 19:56 | Build | Lumber Camp |
| 20:35 | Build | House |
| 20:36 | Build | House |
| 20:37 | Build | House |
| 20:44 | Age | Castle Age |
| 20:57 | Queue | Knight ×3 |
| 20:58 | Queue | Knight ×3 |
| 21:04 | Build | Town Center |
| 21:07 | Queue | Villager (Male) |
| 21:07 | Queue | Villager (Male) |
| 21:08 | Queue | Villager (Male) |
| 21:09 | Queue | Villager (Male) |
| 21:09 | Queue | Villager (Male) |
| 21:44 | Queue | Knight |
| 21:44 | Queue | Knight |
| 21:45 | Queue | Villager (Male) |
| 21:45 | Queue | Villager (Male) |
| 21:45 | Queue | Villager (Male) |
| 21:46 | Queue | Villager (Male) |
| 21:46 | Queue | Villager (Male) |
| 22:32 | Queue | Villager (Male) |
| 22:57 | Research | Husbandry |
| 23:09 | Build | Town Center |
| 23:11 | Queue | Villager (Male) |
| 23:11 | Queue | Villager (Male) |
| 23:11 | Queue | Villager (Male) |
| 23:15 | Build | Farm |
| 23:15 | Build | Farm |
| 23:17 | Build | Farm |
| 24:47 | Build | Farm |
| 24:47 | Build | Farm |
| 24:48 | Build | Farm |
| 25:14 | Research | Forging |
| 25:21 | Build | Monastery |
| 25:23 | Queue | Knight |
| 25:24 | Queue | Knight |
| 25:24 | Queue | Knight |
| 25:24 | Queue | Knight |
| 25:25 | Queue | Villager (Male) |
| 25:25 | Queue | Villager (Male) |
| 25:39 | Build | House |
| 25:40 | Build | House |
| 25:41 | Build | House |
| 26:48 | Build | Farm |
| 26:52 | Research | Horse Collar |
| 26:56 | Queue | Knight ×5 |
| 26:56 | Queue | Knight ×5 |
| 27:03 | Build | University |
| 27:06 | Queue | Villager (Male) |
| 27:06 | Queue | Villager (Male) |
| 27:08 | Queue | Villager (Male) |
| 27:08 | Queue | Villager (Male) |
| 27:26 | Build | Farm |
| 27:27 | Build | Farm |
| 27:35 | Build | House |
| 28:23 | Build | Siege Workshop |
| 28:52 | Queue | Monk |
| 28:56 | Build | Mining Camp |
| 29:05 | Build | Farm |
| 29:12 | Queue | Knight ×5 |
| 29:12 | Queue | Knight ×5 |
| 29:12 | Queue | Knight |
| 29:14 | Queue | Villager (Male) |
| 29:15 | Queue | Villager (Male) |
| 29:15 | Queue | Villager (Male) |
| 29:17 | Queue | Villager (Male) |
| 29:17 | Queue | Villager (Male) |
| 29:38 | Build | House |
| 29:39 | Build | House |
| 29:53 | Research | Iron Casting |
| 30:14 | Build | Stable |
| 30:22 | Queue | Villager (Male) |
| 30:23 | Queue | Villager (Male) |
| 30:23 | Queue | Villager (Male) |
| 30:23 | Queue | Villager (Male) |
| 30:27 | Queue | Villager (Male) |
| 30:27 | Queue | Villager (Male) |
| 30:30 | Queue | Villager (Male) |
| 30:31 | Queue | Villager (Male) |
| 30:51 | Queue | Battering Ram |
| 30:51 | Queue | Battering Ram |
Build order — LiMe86
First 150 of 290 actions detected
| 2:47 | Build | Town Center |
| 3:43 | Build | House |
| 3:45 | Build | House |
| 3:47 | Build | House |
| 4:50 | Queue | Villager (Male) |
| 4:51 | Queue | Villager (Male) |
| 4:51 | Queue | Villager (Male) |
| 4:51 | Queue | Villager (Male) |
| 4:51 | Queue | Villager (Male) |
| 5:57 | Build | House |
| 6:08 | Build | House |
| 6:23 | Queue | Villager (Male) |
| 6:55 | Queue | Villager (Male) |
| 6:56 | Queue | Villager (Male) |
| 7:15 | Queue | Villager (Male) |
| 7:16 | Queue | Villager (Male) |
| 7:46 | Build | Lumber Camp |
| 7:52 | Queue | Villager (Male) |
| 7:53 | Queue | Villager (Male) |
| 8:02 | Build | House |
| 8:03 | Build | House |
| 8:16 | Queue | Villager (Male) |
| 8:16 | Queue | Villager (Male) |
| 8:16 | Queue | Villager (Male) |
| 8:57 | Queue | Villager (Male) |
| 9:05 | Queue | Villager (Male) |
| 9:44 | Queue | Villager (Male) |
| 9:47 | Queue | Villager (Male) |
| 10:38 | Queue | Villager (Male) |
| 10:38 | Queue | Villager (Male) |
| 10:56 | Build | Mill |
| 11:04 | Queue | Villager (Male) |
| 11:04 | Queue | Villager (Male) |
| 11:04 | Queue | Villager (Male) |
| 12:04 | Build | Barracks |
| 12:06 | Queue | Villager (Male) |
| 12:06 | Queue | Villager (Male) |
| 12:06 | Queue | Villager (Male) |
| 12:13 | Build | House |
| 12:14 | Build | House |
| 12:30 | Build | House |
| 12:35 | Queue | Villager (Male) |
| 12:35 | Queue | Villager (Male) |
| 12:35 | Queue | Villager (Male) |
| 12:57 | Queue | Villager (Male) |
| 13:26 | Build | Palisade Wall |
| 13:35 | Build | Mill |
| 13:42 | Research | Loom |
| 14:16 | Queue | Villager (Male) |
| 14:16 | Queue | Villager (Male) |
| 14:17 | Queue | Villager (Male) |
| 14:17 | Queue | Villager (Male) |
| 15:06 | Build | Mining Camp |
| 15:12 | Research | Feudal Age |
| 16:25 | Build | House |
| 16:27 | Build | House |
| 16:29 | Build | House |
| 17:20 | Build | Mill |
| 18:26 | Age | Feudal Age |
| 18:29 | Build | Archery Range |
| 18:34 | Build | Blacksmith |
| 18:36 | Research | Horse Collar |
| 18:40 | Research | Double-Bit Axe |
| 18:47 | Build | Mining Camp |
| 18:52 | Queue | Villager (Male) |
| 18:52 | Queue | Villager (Male) |
| 18:52 | Queue | Villager (Male) |
| 18:53 | Queue | Villager (Male) |
| 18:53 | Queue | Villager (Male) |
| 18:53 | Queue | Villager (Male) |
| 19:20 | Build | Archery Range |
| 19:23 | Build | Archery Range |
| 19:25 | Build | Farm |
| 19:30 | Build | Farm |
| 19:32 | Build | Farm |
| 19:33 | Build | Farm |
| 19:41 | Research | Stone Mining |
| 19:48 | Build | Farm |
| 20:10 | Build | Farm |
| 20:14 | Build | Farm |
| 20:35 | Build | Farm |
| 20:47 | Build | Palisade Wall |
| 20:55 | Build | Palisade Wall |
| 21:07 | Build | Palisade Wall |
| 21:11 | Build | Palisade Gate |
| 21:13 | Build | Palisade Gate |
| 21:17 | Research | Castle Age |
| 21:20 | Build | Farm |
| 21:31 | Queue | Villager (Male) |
| 21:32 | Queue | Villager (Male) |
| 21:32 | Queue | Villager (Male) |
| 21:32 | Queue | Villager (Male) |
| 21:50 | Research | Castle Age |
| 22:02 | Research | Fletching |
| 22:22 | Build | House |
| 22:45 | Research | Padded Archer Armor |
| 22:49 | Queue | Archer ×2 |
| 22:59 | Research | Gold Mining |
| 23:31 | Queue | Archer |
| 23:32 | Queue | Archer |
| 23:55 | Queue | Archer |
| 25:11 | Research | Scale Mail Armor |
| 25:11 | Research | Forging |
| 25:51 | Age | Castle Age |
| 25:54 | Build | Town Center |
| 26:04 | Research | Crossbowman (upgrade) |
| 26:04 | Research | Thumb Ring |
| 26:08 | Research | Bodkin Arrow |
| 26:08 | Research | Leather Archer Armor |
| 26:14 | Queue | Villager (Male) |
| 26:14 | Queue | Villager (Male) |
| 26:15 | Queue | Villager (Male) |
| 26:15 | Queue | Villager (Male) |
| 26:15 | Queue | Villager (Male) |
| 26:15 | Queue | Villager (Male) |
| 26:27 | Build | House |
| 26:39 | Build | House |
| 26:40 | Build | House |
| 26:43 | Queue | Archer ×3 |
| 26:44 | Queue | Archer ×3 |
| 27:00 | Build | Castle |
| 27:15 | Build | House |
| 27:17 | Build | House |
| 27:24 | Research | Wheelbarrow |
| 27:42 | Build | University |
| 27:47 | Build | Farm |
| 28:23 | Build | House |
| 28:49 | Research | Gold Shaft Mining |
| 28:56 | Queue | Villager (Male) ×5 |
| 29:32 | Build | Mill |
| 29:48 | Research | Squires |
| 30:01 | Build | House |
| 30:02 | Build | House |
| 30:03 | Build | House |
| 30:04 | Build | House |
| 30:55 | Build | Mill |
| 30:59 | Build | Farm |
| 31:00 | Build | Farm |
| 31:01 | Build | Farm |
| 31:04 | Build | Farm |
| 31:06 | Build | Farm |
| 31:41 | Research | Heavy Plow |
| 32:18 | Research | Imperial Age |
| 32:24 | Research | Imperial Age |
| 32:30 | Research | Bow Saw |
| 32:52 | Queue | Villager (Male) ×4 |
| 33:24 | Research | Ballistics |
| 33:28 | Queue | Samurai ×5 |
| 33:28 | Queue | Samurai ×2 |
| 33:28 | Queue | Samurai ×2 |
Build order — Leoking
First 150 of 224 actions detected
| 1:01 | Build | Town Center |
| 3:06 | Queue | Villager (Male) |
| 3:06 | Queue | Villager (Male) |
| 3:07 | Queue | Villager (Male) |
| 3:07 | Queue | Villager (Male) |
| 3:07 | Queue | Villager (Male) |
| 3:24 | Build | House |
| 3:26 | Build | House |
| 4:20 | Queue | Villager (Male) |
| 4:20 | Queue | Villager (Male) |
| 4:56 | Queue | Villager (Male) |
| 4:56 | Queue | Villager (Male) |
| 5:26 | Queue | Villager (Male) |
| 5:26 | Queue | Villager (Male) |
| 6:03 | Queue | Villager (Male) |
| 6:22 | Queue | Villager (Male) |
| 6:22 | Queue | Villager (Male) |
| 6:41 | Queue | Villager (Male) |
| 7:00 | Build | House |
| 7:03 | Build | House |
| 7:09 | Build | House |
| 7:24 | Research | Loom |
| 7:25 | Queue | Villager (Male) |
| 7:25 | Queue | Villager (Male) |
| 7:51 | Queue | Villager (Male) |
| 7:58 | Queue | Villager (Male) |
| 8:25 | Build | Lumber Camp |
| 8:42 | Queue | Villager (Male) |
| 8:42 | Queue | Villager (Male) |
| 8:43 | Queue | Villager (Male) |
| 9:23 | Build | Mill |
| 9:46 | Queue | Villager (Male) |
| 9:47 | Queue | Villager (Male) |
| 9:47 | Queue | Villager (Male) |
| 10:50 | Build | Barracks |
| 11:18 | Build | House |
| 11:22 | Build | House |
| 11:59 | Research | Feudal Age |
| 14:09 | Age | Feudal Age |
| 14:19 | Build | Town Center |
| 14:30 | Queue | Villager (Male) |
| 14:30 | Queue | Villager (Male) |
| 14:31 | Queue | Villager (Male) |
| 14:31 | Queue | Villager (Male) |
| 14:31 | Queue | Villager (Male) |
| 14:32 | Queue | Villager (Male) |
| 14:32 | Queue | Villager (Male) |
| 15:57 | Build | Market |
| 16:08 | Build | Dock |
| 16:38 | Build | Farm |
| 16:38 | Build | Farm |
| 16:38 | Build | Farm |
| 16:39 | Build | Farm |
| 16:39 | Build | Farm |
| 16:40 | Build | Farm |
| 16:40 | Build | Farm |
| 16:40 | Build | Farm |
| 17:28 | Build | Farm |
| 17:28 | Build | Farm |
| 17:29 | Build | Farm |
| 17:56 | Build | Farm |
| 18:12 | Queue | Villager (Male) |
| 18:12 | Queue | Villager (Male) |
| 18:12 | Queue | Villager (Male) |
| 18:13 | Queue | Villager (Male) |
| 18:13 | Queue | Villager (Male) |
| 18:13 | Queue | Villager (Male) |
| 18:13 | Queue | Villager (Male) |
| 18:14 | Queue | Villager (Male) |
| 18:14 | Queue | Villager (Male) |
| 18:15 | Queue | Villager (Male) |
| 18:23 | Build | House |
| 18:24 | Build | House |
| 18:55 | Research | Double-Bit Axe |
| 19:35 | Build | Blacksmith |
| 20:02 | Queue | Villager (Male) |
| 20:03 | Queue | Villager (Male) |
| 20:03 | Queue | Villager (Male) |
| 20:04 | Queue | Villager (Male) |
| 20:04 | Queue | Villager (Male) |
| 20:13 | Build | Farm |
| 20:14 | Build | Farm |
| 20:15 | Build | Farm |
| 20:17 | Build | Farm |
| 20:20 | Build | Farm |
| 20:48 | Build | Mining Camp |
| 21:01 | Build | House |
| 21:03 | Build | House |
| 21:05 | Build | House |
| 21:25 | Build | Farm |
| 21:30 | Build | Farm |
| 22:03 | Build | Farm |
| 22:11 | Research | Castle Age |
| 22:23 | Build | Stable |
| 22:30 | Build | House |
| 22:31 | Build | House |
| 22:39 | Research | Gold Mining |
| 22:44 | Research | Horse Collar |
| 23:17 | Research | Wheelbarrow |
| 23:24 | Build | House |
| 23:41 | Build | Stable |
| 23:47 | Research | Bloodlines |
| 24:24 | Research | Town Watch |
| 24:48 | Build | Stable |
| 24:51 | Age | Castle Age |
| 24:59 | Build | Town Center |
| 25:05 | Queue | Villager (Male) |
| 25:06 | Queue | Villager (Male) |
| 25:06 | Queue | Villager (Male) |
| 25:06 | Queue | Villager (Male) |
| 25:06 | Queue | Villager (Male) |
| 25:07 | Queue | Villager (Male) |
| 25:26 | Build | Monastery |
| 25:31 | Queue | Steppe Lancer |
| 25:32 | Queue | Steppe Lancer |
| 25:32 | Queue | Steppe Lancer |
| 25:58 | Queue | Steppe Lancer |
| 25:59 | Queue | Steppe Lancer |
| 25:59 | Queue | Steppe Lancer |
| 26:11 | Queue | Monk |
| 26:41 | Queue | Steppe Lancer |
| 26:41 | Queue | Steppe Lancer |
| 26:41 | Queue | Steppe Lancer |
| 26:42 | Queue | Steppe Lancer |
| 26:48 | Build | Farm |
| 26:53 | Build | Farm |
| 26:56 | Build | Farm |
| 26:59 | Build | Farm |
| 27:12 | Queue | Monk |
| 27:35 | Queue | Villager (Male) |
| 27:35 | Queue | Villager (Male) |
| 27:36 | Queue | Villager (Male) |
| 28:46 | Build | Castle |
| 28:57 | Queue | Villager (Male) |
| 28:57 | Queue | Villager (Male) |
| 28:57 | Queue | Villager (Male) |
| 28:58 | Queue | Villager (Male) |
| 28:58 | Queue | Villager (Male) |
| 28:58 | Queue | Villager (Male) |
| 28:58 | Queue | Villager (Male) |
| 28:59 | Queue | Villager (Male) |
| 28:59 | Queue | Villager (Male) |
| 28:59 | Queue | Villager (Male) |
| 29:06 | Queue | Villager (Male) |
| 29:06 | Queue | Villager (Male) |
| 29:06 | Queue | Villager (Male) |
| 29:07 | Queue | Villager (Male) |
| 29:07 | Queue | Villager (Male) |
| 29:27 | Build | Siege Workshop |
| 29:36 | Research | Stone Mining |
Build order — cagatai
First 150 of 544 actions detected
| 1:07 | Build | House |
| 2:16 | Build | Town Center |
| 4:15 | Build | House |
| 4:39 | Queue | Villager (Male) |
| 4:41 | Queue | Villager (Male) ×3 |
| 6:03 | Queue | Villager (Male) |
| 6:29 | Queue | Villager (Male) |
| 6:29 | Queue | Villager (Male) |
| 6:45 | Queue | Villager (Male) |
| 6:45 | Queue | Villager (Male) |
| 7:38 | Queue | Villager (Male) |
| 7:59 | Queue | Villager (Male) |
| 8:10 | Build | Mill |
| 8:17 | Queue | Villager (Male) |
| 8:37 | Queue | Villager (Male) |
| 8:51 | Build | House |
| 8:55 | Queue | Villager (Male) |
| 9:36 | Build | House |
| 9:48 | Queue | Villager (Male) |
| 9:48 | Queue | Villager (Male) |
| 10:18 | Queue | Villager (Male) |
| 10:47 | Queue | Villager (Male) |
| 11:10 | Queue | Villager (Male) |
| 11:34 | Queue | Villager (Male) |
| 12:02 | Queue | Villager (Male) |
| 12:27 | Queue | Villager (Male) |
| 12:46 | Build | Mining Camp |
| 13:08 | Queue | Villager (Male) |
| 13:19 | Build | House |
| 13:29 | Queue | Villager (Male) |
| 13:46 | Build | Lumber Camp |
| 13:51 | Queue | Villager (Male) |
| 13:59 | Queue | Villager (Male) |
| 14:16 | Build | Mill |
| 14:25 | Queue | Villager (Male) |
| 14:32 | Research | Feudal Age |
| 14:33 | Research | Loom |
| 15:28 | Queue | Villager (Male) |
| 16:06 | Age | Feudal Age |
| 16:09 | Build | Mill |
| 16:13 | Queue | Villager (Male) |
| 16:17 | Build | House |
| 16:29 | Build | Barracks |
| 16:39 | Build | House |
| 16:41 | Queue | Villager (Male) |
| 16:43 | Research | Double-Bit Axe |
| 16:57 | Build | House |
| 17:12 | Queue | Villager (Male) |
| 17:14 | Research | Horse Collar |
| 17:24 | Build | Palisade Wall |
| 17:26 | Build | Palisade Wall |
| 17:36 | Build | Palisade Wall |
| 17:38 | Queue | Militia |
| 17:44 | Queue | Villager (Male) |
| 17:56 | Build | Farm |
| 18:08 | Queue | Militia |
| 18:13 | Build | House |
| 18:21 | Build | Blacksmith |
| 18:22 | Queue | Militia |
| 18:29 | Build | Farm |
| 18:31 | Build | Farm |
| 18:35 | Queue | Villager (Male) |
| 18:40 | Build | Farm |
| 18:55 | Queue | Militia |
| 19:00 | Queue | Villager (Male) |
| 19:14 | Build | Farm |
| 19:17 | Queue | Villager (Male) |
| 19:20 | Build | Farm |
| 19:22 | Queue | Militia |
| 19:34 | Build | Barracks |
| 19:37 | Build | Farm |
| 19:51 | Queue | Militia |
| 19:55 | Research | Forging |
| 19:56 | Queue | Militia |
| 20:01 | Build | Farm |
| 20:20 | Build | Market |
| 20:34 | Build | House |
| 20:38 | Queue | Villager (Male) |
| 20:51 | Research | Man-at-Arms (upgrade) |
| 20:52 | Queue | Militia |
| 20:52 | Queue | Militia |
| 21:10 | Queue | Militia |
| 21:12 | Queue | Militia |
| 21:12 | Queue | Militia |
| 21:33 | Research | Arson |
| 21:35 | Queue | Militia |
| 21:36 | Queue | Militia |
| 21:59 | Build | Farm |
| 22:00 | Queue | Villager (Male) |
| 22:01 | Queue | Villager (Male) |
| 22:05 | Queue | Militia |
| 22:27 | Queue | Villager (Male) |
| 22:32 | Build | House |
| 22:52 | Build | House |
| 23:00 | Queue | Villager (Male) |
| 23:05 | Build | Farm |
| 23:12 | Build | Mill |
| 23:27 | Queue | Militia |
| 23:27 | Queue | Militia |
| 23:27 | Queue | Militia |
| 24:08 | Queue | Militia |
| 24:09 | Queue | Militia |
| 24:17 | Build | Farm |
| 24:18 | Build | Farm |
| 24:18 | Build | Farm |
| 25:12 | Queue | Spearman |
| 25:13 | Queue | Spearman |
| 25:13 | Queue | Spearman |
| 25:13 | Queue | Spearman |
| 25:14 | Queue | Spearman |
| 25:15 | Queue | Spearman |
| 25:23 | Queue | Spearman |
| 25:25 | Queue | Villager (Male) |
| 25:28 | Build | Farm |
| 25:31 | Build | Farm |
| 25:35 | Build | Farm |
| 25:40 | Build | Mill |
| 25:58 | Queue | Spearman |
| 25:58 | Queue | Spearman |
| 25:58 | Queue | Spearman |
| 25:59 | Queue | Spearman |
| 26:15 | Queue | Spearman |
| 26:15 | Queue | Spearman |
| 26:16 | Queue | Militia |
| 26:24 | Build | Farm |
| 26:27 | Queue | Villager (Male) |
| 26:28 | Queue | Villager (Male) |
| 26:39 | Queue | Spearman |
| 26:40 | Queue | Villager (Male) |
| 26:56 | Queue | Villager (Male) |
| 27:33 | Build | Farm |
| 27:41 | Build | Farm |
| 27:47 | Research | Castle Age |
| 27:53 | Build | House |
| 27:54 | Build | House |
| 27:56 | Build | House |
| 27:57 | Build | House |
| 29:06 | Build | Outpost |
| 29:07 | Build | Outpost |
| 29:10 | Queue | Villager (Male) |
| 29:23 | Age | Castle Age |
| 29:35 | Build | Town Center |
| 29:39 | Queue | Villager (Male) |
| 29:53 | Research | Pikeman (upgrade) |
| 29:55 | Research | Squires |
| 29:58 | Research | Long Swordsman (upgrade) |
| 30:04 | Queue | Militia |
| 30:04 | Queue | Spearman |
| 30:04 | Queue | Militia |
| 30:04 | Queue | Spearman |
Build order — Chopipo
First 150 of 292 actions detected
| 1:03 | Build | Town Center |
| 2:33 | Build | House |
| 2:35 | Build | House |
| 3:22 | Queue | Villager (Male) |
| 3:22 | Queue | Villager (Male) |
| 3:22 | Queue | Villager (Male) |
| 3:22 | Queue | Villager (Male) |
| 4:31 | Queue | Villager (Male) |
| 5:18 | Queue | Villager (Male) |
| 5:19 | Queue | Villager (Male) |
| 5:37 | Queue | Villager (Male) |
| 5:37 | Queue | Villager (Male) |
| 6:15 | Build | Mill |
| 6:36 | Research | Loom |
| 6:45 | Queue | Villager (Male) |
| 6:45 | Queue | Villager (Male) |
| 6:45 | Queue | Villager (Male) |
| 7:13 | Build | Lumber Camp |
| 8:08 | Queue | Villager (Male) |
| 8:08 | Queue | Villager (Male) |
| 8:08 | Queue | Villager (Male) |
| 8:33 | Queue | Villager (Male) |
| 8:33 | Queue | Villager (Male) |
| 8:34 | Queue | Villager (Male) |
| 9:00 | Queue | Villager (Male) |
| 9:01 | Queue | Villager (Male) |
| 9:01 | Queue | Villager (Male) |
| 9:07 | Build | House |
| 9:08 | Build | House |
| 9:33 | Queue | Villager (Male) |
| 10:12 | Queue | Villager (Male) |
| 10:12 | Queue | Villager (Male) |
| 10:19 | Build | Palisade Wall |
| 10:26 | Build | Palisade Gate |
| 11:22 | Queue | Villager (Male) |
| 11:49 | Build | Barracks |
| 11:52 | Build | House |
| 11:52 | Build | House |
| 11:54 | Build | House |
| 12:00 | Queue | Villager (Male) |
| 12:00 | Queue | Villager (Male) |
| 12:36 | Build | House |
| 12:36 | Build | House |
| 12:37 | Build | House |
| 12:53 | Research | Feudal Age |
| 13:01 | Queue | Militia |
| 13:01 | Queue | Militia |
| 14:38 | Queue | Villager (Male) |
| 14:39 | Queue | Villager (Male) |
| 14:43 | Queue | Militia |
| 14:43 | Queue | Militia |
| 15:03 | Age | Feudal Age |
| 15:09 | Research | Arson |
| 15:44 | Research | Man-at-Arms (upgrade) |
| 16:17 | Queue | Villager (Male) |
| 16:22 | Research | Horse Collar |
| 17:05 | Build | Blacksmith |
| 17:10 | Queue | Villager (Male) |
| 17:10 | Queue | Villager (Male) |
| 17:31 | Build | Farm |
| 17:43 | Build | Farm |
| 17:46 | Build | Farm |
| 17:50 | Build | Farm |
| 18:06 | Queue | Villager (Male) |
| 18:20 | Build | Mill |
| 18:52 | Queue | Villager (Male) |
| 19:21 | Queue | Villager (Male) |
| 19:23 | Queue | Villager (Male) |
| 19:50 | Build | Farm |
| 19:53 | Queue | Villager (Male) |
| 20:21 | Build | Farm |
| 20:22 | Queue | Villager (Male) |
| 20:34 | Build | Farm |
| 20:35 | Build | Farm |
| 20:35 | Build | Farm |
| 20:36 | Build | Farm |
| 20:37 | Build | Farm |
| 20:37 | Build | Farm |
| 20:43 | Build | Farm |
| 20:50 | Queue | Villager (Male) |
| 20:51 | Queue | Villager (Male) |
| 21:49 | Build | Market |
| 22:07 | Queue | Villager (Male) |
| 22:07 | Queue | Villager (Male) |
| 22:33 | Build | House |
| 22:34 | Build | House |
| 22:50 | Build | Palisade Wall |
| 23:03 | Queue | Militia |
| 23:03 | Queue | Militia |
| 23:03 | Queue | Militia |
| 23:30 | Build | House |
| 23:49 | Research | Castle Age |
| 24:14 | Build | Mining Camp |
| 24:29 | Research | Double-Bit Axe |
| 25:01 | Build | Palisade Wall |
| 25:17 | Queue | Militia |
| 25:17 | Queue | Militia |
| 25:36 | Research | Stone Mining |
| 26:04 | Build | House |
| 26:05 | Build | House |
| 26:14 | Build | Palisade Gate |
| 26:29 | Age | Castle Age |
| 26:33 | Build | Town Center |
| 26:36 | Research | Wheelbarrow |
| 26:41 | Queue | Villager (Male) ×5 |
| 27:03 | Build | Monastery |
| 27:19 | Research | Long Swordsman (upgrade) |
| 27:30 | Research | Long Swordsman (upgrade) |
| 27:34 | Queue | Villager (Male) ×5 |
| 27:47 | Research | Heavy Plow |
| 28:07 | Queue | Monk |
| 28:28 | Research | Bow Saw |
| 28:49 | Queue | Villager (Male) |
| 28:50 | Queue | Villager (Male) |
| 28:53 | Research | Fletching |
| 29:05 | Build | Castle |
| 29:37 | Build | Siege Workshop |
| 29:43 | Research | Gold Mining |
| 29:46 | Queue | Villager (Male) |
| 29:46 | Queue | Villager (Male) |
| 30:11 | Research | Padded Archer Armor |
| 30:25 | Queue | Genoese Crossbowman ×5 |
| 30:25 | Queue | Genoese Crossbowman ×5 |
| 30:36 | Queue | Villager (Male) |
| 30:36 | Queue | Villager (Male) |
| 31:01 | Build | Stone Wall |
| 31:04 | Build | Stone Wall |
| 31:44 | Build | Gate |
| 31:49 | Build | House |
| 31:49 | Build | House |
| 31:51 | Build | House |
| 31:52 | Build | House |
| 31:53 | Build | House |
| 32:07 | Research | Bodkin Arrow |
| 32:32 | Queue | Villager (Male) |
| 32:32 | Queue | Villager (Male) |
| 32:33 | Queue | Villager (Male) |
| 32:37 | Build | Mill |
| 32:39 | Build | Farm |
| 32:39 | Build | Farm |
| 32:39 | Build | Farm |
| 32:39 | Build | Farm |
| 32:40 | Build | Farm |
| 33:03 | Research | Imperial Age |
| 33:08 | Queue | Villager (Male) |
| 33:43 | Research | Squires |
| 35:04 | Queue | Genoese Crossbowman |
| 35:04 | Queue | Genoese Crossbowman |
| 35:05 | Queue | Genoese Crossbowman |
| 35:20 | Build | Mining Camp |
Build order — DOM
First 150 of 336 actions detected
| 0:32 | Build | Town Center |
| 1:34 | Build | House |
| 3:14 | Queue | Villager (Male) |
| 3:14 | Queue | Villager (Male) |
| 3:14 | Queue | Villager (Male) |
| 3:14 | Queue | Villager (Male) |
| 3:15 | Queue | Villager (Male) |
| 3:15 | Research | Loom |
| 4:11 | Build | Mill |
| 5:21 | Build | House |
| 5:25 | Queue | Villager (Male) |
| 5:25 | Queue | Villager (Male) |
| 5:25 | Queue | Villager (Male) |
| 5:25 | Queue | Villager (Male) |
| 6:17 | Queue | Villager (Male) |
| 6:18 | Queue | Villager (Male) |
| 6:35 | Queue | Villager (Male) |
| 6:36 | Queue | Villager (Male) |
| 6:36 | Queue | Villager (Male) |
| 6:36 | Queue | Villager (Male) |
| 6:47 | Queue | Villager (Male) |
| 6:47 | Queue | Villager (Male) |
| 7:38 | Queue | Villager (Male) |
| 7:38 | Queue | Villager (Male) |
| 7:38 | Queue | Villager (Male) |
| 7:38 | Queue | Villager (Male) |
| 8:11 | Build | House |
| 8:14 | Build | House |
| 8:33 | Queue | Villager (Male) |
| 9:11 | Queue | Villager (Male) |
| 9:11 | Queue | Villager (Male) |
| 9:11 | Queue | Villager (Male) |
| 9:39 | Build | Barracks |
| 9:51 | Queue | Villager (Male) |
| 10:35 | Queue | Villager (Male) |
| 10:36 | Queue | Villager (Male) |
| 10:36 | Queue | Villager (Male) |
| 10:36 | Queue | Villager (Male) |
| 11:17 | Queue | Villager (Male) |
| 12:07 | Queue | Villager (Male) |
| 12:38 | Queue | Villager (Male) |
| 13:17 | Research | Feudal Age |
| 13:31 | Build | Farm |
| 13:35 | Build | Farm |
| 13:38 | Build | Farm |
| 14:06 | Build | Farm |
| 15:27 | Age | Feudal Age |
| 15:41 | Build | Watch Tower |
| 16:22 | Build | Watch Tower |
| 16:28 | Queue | Villager (Male) |
| 16:28 | Queue | Villager (Male) |
| 17:19 | Build | House |
| 17:20 | Build | House |
| 17:49 | Build | Watch Tower |
| 18:05 | Build | House |
| 18:22 | Build | Barracks |
| 18:44 | Build | Farm |
| 18:45 | Build | Farm |
| 18:50 | Build | Farm |
| 18:54 | Build | Farm |
| 18:56 | Build | Farm |
| 19:01 | Queue | Villager (Male) |
| 19:01 | Queue | Villager (Male) |
| 19:24 | Build | Farm |
| 19:27 | Build | Farm |
| 19:41 | Queue | Villager (Male) |
| 19:53 | Research | Double-Bit Axe |
| 20:23 | Build | Watch Tower |
| 20:32 | Queue | Villager (Male) |
| 20:32 | Queue | Villager (Male) |
| 20:38 | Research | Stone Mining |
| 21:05 | Build | Farm |
| 21:18 | Build | Blacksmith |
| 21:26 | Build | Farm |
| 21:34 | Build | Farm |
| 21:37 | Build | Farm |
| 21:43 | Queue | Villager (Male) |
| 21:43 | Queue | Villager (Male) |
| 23:31 | Queue | Villager (Male) |
| 23:31 | Queue | Villager (Male) |
| 23:53 | Build | Watch Tower |
| 24:07 | Research | Fletching |
| 25:32 | Build | House |
| 25:57 | Queue | Villager (Male) |
| 26:06 | Build | House |
| 26:12 | Build | Farm |
| 26:28 | Research | Horse Collar |
| 26:32 | Build | House |
| 26:47 | Build | Farm |
| 26:51 | Build | Farm |
| 27:00 | Build | Stable |
| 27:53 | Research | Castle Age |
| 27:54 | Research | Castle Age |
| 27:56 | Build | Archery Range |
| 28:09 | Research | Gold Mining |
| 28:58 | Build | Stone Wall |
| 29:01 | Build | Gate |
| 29:16 | Build | Stone Wall |
| 29:20 | Build | Stone Wall |
| 29:24 | Queue | Villager (Male) |
| 29:25 | Queue | Villager (Male) |
| 29:39 | Build | Stone Wall |
| 30:10 | Research | Scale Barding Armor |
| 30:23 | Build | Gate |
| 30:33 | Age | Castle Age |
| 31:27 | Research | Wheelbarrow |
| 32:17 | Queue | Villager (Male) |
| 32:17 | Queue | Villager (Male) |
| 32:25 | Build | Town Center |
| 32:40 | Build | Monastery |
| 32:45 | Research | Heavy Plow |
| 32:51 | Research | Bow Saw |
| 32:58 | Build | Farm |
| 33:07 | Queue | Villager (Male) |
| 33:07 | Queue | Villager (Male) |
| 33:09 | Research | Town Watch |
| 33:20 | Build | Mule Cart |
| 33:43 | Queue | Villager (Male) |
| 33:44 | Queue | Villager (Male) |
| 33:59 | Build | University |
| 34:06 | Queue | Villager (Male) |
| 34:06 | Queue | Villager (Male) |
| 34:21 | Build | Farm |
| 34:29 | Build | Farm |
| 34:31 | Queue | Villager (Male) |
| 34:36 | Queue | Villager (Male) |
| 34:36 | Queue | Villager (Male) |
| 34:40 | Queue | Monk |
| 34:59 | Queue | Villager (Male) |
| 34:59 | Queue | Villager (Male) |
| 35:12 | Queue | Villager (Male) |
| 35:12 | Queue | Villager (Male) |
| 35:40 | Research | Guard Tower (upgrade) |
| 35:49 | Queue | Villager (Male) |
| 35:50 | Queue | Villager (Male) |
| 35:50 | Queue | Villager (Male) |
| 36:17 | Build | Outpost |
| 36:27 | Research | Masonry |
| 36:29 | Queue | Villager (Male) |
| 36:49 | Build | Castle |
| 37:19 | Build | Castle |
| 37:37 | Research | Ballistics |
| 37:39 | Queue | Villager (Male) |
| 37:41 | Research | Stone Shaft Mining |
| 38:15 | Build | Archery Range |
| 38:21 | Queue | Villager (Male) |
| 38:21 | Queue | Villager (Male) |
| 38:55 | Build | Farm |
| 38:57 | Queue | Villager (Male) |
| 38:58 | Research | Padded Archer Armor |
Build order — KURD478156
First 150 of 424 actions detected
| 0:13 | Build | Town Center |
| 2:51 | Build | House |
| 2:53 | Queue | Villager (Male) |
| 2:53 | Queue | Villager (Male) |
| 2:54 | Queue | Villager (Male) |
| 2:54 | Queue | Villager (Male) |
| 3:22 | Build | Mill |
| 3:35 | Build | House |
| 4:53 | Queue | Villager (Male) |
| 4:53 | Queue | Villager (Male) |
| 4:53 | Queue | Villager (Male) |
| 5:42 | Queue | Villager (Male) |
| 5:42 | Queue | Villager (Male) |
| 5:42 | Queue | Villager (Male) |
| 5:50 | Queue | Villager (Male) |
| 5:50 | Queue | Villager (Male) |
| 6:10 | Queue | Villager (Male) |
| 6:10 | Queue | Villager (Male) |
| 6:11 | Queue | Villager (Male) |
| 6:45 | Build | House |
| 6:52 | Queue | Villager (Male) |
| 6:52 | Queue | Villager (Male) |
| 6:53 | Queue | Villager (Male) |
| 7:30 | Queue | Villager (Male) |
| 7:30 | Queue | Villager (Male) |
| 7:30 | Queue | Villager (Male) |
| 7:35 | Build | House |
| 7:39 | Build | House |
| 8:06 | Queue | Villager (Male) |
| 8:06 | Queue | Villager (Male) |
| 8:06 | Queue | Villager (Male) |
| 8:07 | Queue | Villager (Male) |
| 8:40 | Queue | Villager (Male) |
| 8:41 | Queue | Villager (Male) |
| 8:41 | Queue | Villager (Male) |
| 9:01 | Queue | Villager (Male) |
| 9:02 | Queue | Villager (Male) |
| 9:04 | Queue | Villager (Male) |
| 9:04 | Queue | Villager (Male) |
| 9:40 | Queue | Villager (Male) |
| 9:55 | Build | Lumber Camp |
| 11:26 | Build | House |
| 11:28 | Build | House |
| 11:30 | Build | House |
| 11:48 | Build | Mill |
| 12:01 | Build | Mill |
| 12:48 | Research | Feudal Age |
| 12:48 | Research | Feudal Age |
| 13:12 | Build | Barracks |
| 13:31 | Build | Lumber Camp |
| 14:10 | Queue | Villager (Male) |
| 14:10 | Queue | Villager (Male) |
| 14:18 | Build | House |
| 14:26 | Build | Outpost |
| 14:39 | Queue | Militia |
| 14:40 | Queue | Militia |
| 14:40 | Queue | Militia |
| 14:41 | Queue | Militia |
| 14:42 | Queue | Militia |
| 14:46 | Queue | Villager (Male) |
| 14:47 | Queue | Villager (Male) |
| 14:47 | Queue | Villager (Male) |
| 14:47 | Queue | Villager (Male) |
| 15:06 | Research | Double-Bit Axe |
| 15:29 | Build | Stable |
| 15:35 | Build | Market |
| 16:22 | Queue | Villager (Male) |
| 16:22 | Queue | Villager (Male) |
| 16:23 | Queue | Villager (Male) |
| 16:23 | Queue | Villager (Male) |
| 16:23 | Queue | Villager (Male) |
| 16:23 | Queue | Villager (Male) |
| 16:24 | Queue | Villager (Male) |
| 16:25 | Queue | Villager (Male) |
| 16:25 | Queue | Villager (Male) |
| 16:40 | Build | Blacksmith |
| 16:47 | Research | Man-at-Arms (upgrade) |
| 17:18 | Research | Arson |
| 17:48 | Build | Mill |
| 17:59 | Queue | Villager (Male) |
| 18:00 | Queue | Villager (Male) |
| 18:05 | Queue | Scout Cavalry |
| 18:05 | Queue | Scout Cavalry |
| 18:26 | Build | Mill |
| 18:39 | Queue | Spearman |
| 18:39 | Queue | Spearman |
| 19:23 | Queue | Villager (Male) |
| 19:23 | Queue | Villager (Male) |
| 19:24 | Queue | Villager (Male) |
| 19:31 | Queue | Villager (Male) |
| 21:06 | Queue | Militia |
| 21:06 | Queue | Spearman |
| 21:08 | Queue | Scout Cavalry |
| 21:08 | Queue | Scout Cavalry |
| 21:53 | Build | House |
| 21:54 | Build | House |
| 21:55 | Build | House |
| 21:56 | Build | House |
| 22:31 | Queue | Villager (Male) |
| 22:32 | Queue | Villager (Male) |
| 22:36 | Queue | Villager (Male) |
| 23:05 | Build | Archery Range |
| 23:09 | Build | Barracks |
| 23:11 | Build | Barracks |
| 24:31 | Research | Castle Age |
| 24:40 | Build | Mining Camp |
| 25:00 | Build | Stone Wall |
| 25:02 | Build | Stone Wall |
| 25:08 | Build | Stone Wall |
| 25:12 | Build | Stone Wall |
| 26:43 | Build | Stone Wall |
| 26:48 | Queue | Militia |
| 26:48 | Queue | Spearman |
| 26:48 | Queue | Militia |
| 26:48 | Queue | Spearman |
| 27:14 | Build | Siege Workshop |
| 27:15 | Build | Siege Workshop |
| 27:21 | Build | Siege Workshop |
| 28:01 | Queue | Villager (Male) |
| 28:01 | Queue | Villager (Male) |
| 28:01 | Queue | Villager (Male) |
| 28:03 | Queue | Villager (Male) |
| 28:50 | Build | Stone Wall |
| 28:53 | Build | Stone Wall |
| 29:09 | Queue | Mangonel |
| 29:09 | Queue | Scorpion |
| 29:09 | Queue | Mangonel |
| 29:10 | Queue | Scorpion |
| 29:10 | Queue | Scorpion |
| 29:10 | Queue | Mangonel |
| 29:28 | Research | Gold Mining |
| 29:47 | Build | Mining Camp |
| 29:54 | Queue | Villager (Male) |
| 29:54 | Queue | Villager (Male) |
| 29:55 | Queue | Villager (Male) |
| 30:28 | Build | Siege Workshop |
| 30:49 | Build | Monastery |
| 30:56 | Build | University |
| 31:10 | Queue | Villager (Male) |
| 31:11 | Queue | Villager (Male) |
| 31:12 | Queue | Villager (Male) |
| 31:18 | Research | Forging |
| 31:18 | Research | Scale Mail Armor |
| 31:52 | Queue | Monk |
| 31:52 | Queue | Monk |
| 32:20 | Build | Mining Camp |
| 32:29 | Queue | Monk |
| 32:35 | Queue | Villager (Male) |
| 32:35 | Queue | Villager (Male) |
| 32:35 | Queue | Villager (Male) |
Build order — eaJ
145 actions detected in the replay
| 0:27 | Build | Town Center |
| 3:01 | Queue | Villager (Male) |
| 3:01 | Queue | Villager (Male) |
| 3:04 | Queue | Villager (Male) |
| 3:04 | Queue | Villager (Male) |
| 3:45 | Build | Lumber Camp |
| 4:25 | Queue | Villager (Male) |
| 4:26 | Queue | Villager (Male) |
| 4:26 | Queue | Villager (Male) |
| 4:44 | Queue | Villager (Male) |
| 4:44 | Queue | Villager (Male) |
| 5:09 | Build | Palisade Wall |
| 5:15 | Build | Palisade Wall |
| 5:23 | Build | Palisade Wall |
| 5:43 | Queue | Villager (Male) |
| 5:43 | Queue | Villager (Male) |
| 6:04 | Build | Palisade Wall |
| 6:33 | Queue | Villager (Male) |
| 6:59 | Research | Loom |
| 7:18 | Queue | Villager (Male) |
| 7:25 | Build | Barracks |
| 7:32 | Queue | Villager (Male) |
| 7:32 | Queue | Villager (Male) |
| 8:05 | Queue | Villager (Male) |
| 8:29 | Queue | Villager (Male) |
| 8:34 | Queue | Militia |
| 8:34 | Queue | Militia |
| 8:42 | Build | Palisade Wall |
| 8:43 | Build | Palisade Wall |
| 8:54 | Queue | Militia |
| 8:57 | Queue | Villager (Male) |
| 9:21 | Queue | Villager (Male) |
| 9:38 | Queue | Villager (Male) |
| 9:50 | Queue | Villager (Male) |
| 10:25 | Queue | Villager (Male) |
| 12:14 | Research | Feudal Age |
| 12:15 | Research | Feudal Age |
| 12:15 | Research | Feudal Age |
| 13:19 | Queue | Villager (Male) |
| 13:19 | Queue | Villager (Male) |
| 14:24 | Age | Feudal Age |
| 14:34 | Build | Watch Tower |
| 15:26 | Queue | Villager (Male) |
| 15:26 | Queue | Villager (Male) |
| 16:06 | Queue | Villager (Male) |
| 16:10 | Build | Blacksmith |
| 16:14 | Queue | Villager (Male) |
| 16:26 | Build | Watch Tower |
| 16:30 | Build | Palisade Wall |
| 16:32 | Build | Palisade Wall |
| 16:52 | Queue | Villager (Male) |
| 17:03 | Build | Stable |
| 17:14 | Build | Mill |
| 17:26 | Queue | Villager (Male) |
| 17:29 | Build | Outpost |
| 17:29 | Build | Outpost |
| 17:48 | Build | Farm |
| 17:48 | Build | Farm |
| 17:48 | Build | Farm |
| 17:48 | Build | Farm |
| 17:50 | Build | Farm |
| 17:53 | Build | Farm |
| 17:54 | Build | Farm |
| 17:54 | Build | Farm |
| 17:54 | Build | Farm |
| 17:55 | Build | Farm |
| 17:55 | Build | Farm |
| 17:55 | Build | Farm |
| 17:56 | Build | Farm |
| 17:57 | Queue | Villager (Male) |
| 18:02 | Queue | Villager (Male) |
| 18:12 | Build | Palisade Wall |
| 18:14 | Build | Palisade Gate |
| 18:42 | Build | Market |
| 18:46 | Queue | Villager (Male) |
| 19:09 | Build | Farm |
| 19:11 | Build | Farm |
| 19:13 | Build | Farm |
| 19:15 | Build | Farm |
| 19:17 | Build | Farm |
| 19:19 | Queue | Villager (Male) |
| 19:29 | Queue | Scout Cavalry |
| 19:29 | Queue | Scout Cavalry |
| 19:37 | Queue | Scout Cavalry |
| 19:37 | Queue | Scout Cavalry |
| 19:57 | Build | Mill |
| 20:01 | Queue | Villager (Male) |
| 20:04 | Queue | Villager (Male) |
| 20:33 | Build | Farm |
| 20:36 | Build | Farm |
| 20:37 | Queue | Villager (Male) |
| 20:43 | Queue | Scout Cavalry |
| 21:10 | Queue | Villager (Male) |
| 21:11 | Queue | Villager (Male) |
| 21:14 | Queue | Scout Cavalry |
| 21:32 | Research | Bloodlines |
| 21:35 | Queue | Villager (Male) |
| 21:38 | Build | Farm |
| 22:02 | Research | Scale Barding Armor |
| 22:08 | Queue | Villager (Male) |
| 22:34 | Queue | Villager (Male) |
| 22:38 | Queue | Villager (Male) |
| 22:57 | Research | Forging |
| 23:10 | Queue | Villager (Male) |
| 23:10 | Queue | Villager (Male) |
| 23:19 | Queue | Scout Cavalry |
| 23:20 | Queue | Scout Cavalry |
| 23:20 | Queue | Scout Cavalry |
| 23:44 | Queue | Scout Cavalry |
| 23:45 | Queue | Scout Cavalry |
| 23:45 | Queue | Scout Cavalry |
| 23:59 | Queue | Villager (Male) |
| 24:34 | Queue | Scout Cavalry |
| 24:46 | Queue | Villager (Male) |
| 24:46 | Queue | Villager (Male) |
| 25:15 | Queue | Scout Cavalry |
| 25:15 | Queue | Scout Cavalry |
| 25:17 | Queue | Villager (Male) |
| 25:17 | Queue | Villager (Male) |
| 25:26 | Build | Farm |
| 25:27 | Build | Farm |
| 25:27 | Build | Farm |
| 25:27 | Build | Farm |
| 25:28 | Build | Farm |
| 25:28 | Build | Farm |
| 25:29 | Build | Farm |
| 25:32 | Build | Mill |
| 25:39 | Build | Mining Camp |
| 25:44 | Queue | Scout Cavalry |
| 25:44 | Queue | Scout Cavalry |
| 25:51 | Build | Stable |
| 25:56 | Build | Stable |
| 26:07 | Queue | Villager (Male) |
| 26:38 | Build | Farm |
| 26:40 | Build | Farm |
| 27:43 | Research | Castle Age |
| 27:45 | Queue | Villager (Male) |
| 27:45 | Queue | Villager (Male) |
| 27:53 | Build | Mining Camp |
| 28:12 | Queue | Villager (Male) |
| 28:20 | Queue | Villager (Male) |
| 28:35 | Research | Stone Mining |
| 28:40 | Research | Double-Bit Axe |
| 29:28 | Build | Farm |
| 30:23 | Age | Castle Age |
Match timeline
| 5:09 | eaJ · wall_segment Palisade Wall x1 |
| 5:15 | eaJ · wall_segment Palisade Wall x1 |
| 5:23 | eaJ · wall_segment Palisade Wall x1 |
| 6:04 | eaJ · wall_segment Palisade Wall x1 |
| 7:25 | eaJ · first_building Barracks |
| 8:42 | eaJ · wall_segment Palisade Wall x1 |
| 8:43 | eaJ · wall_segment Palisade Wall x1 |
| 9:39 | DOM · first_building Barracks |
| 10:19 | Chopipo · wall_segment Palisade Wall x7 |
| 10:50 | Leoking · first_building Barracks |
| 11:49 | Chopipo · first_building Barracks |
| 12:04 | LiMe86 · first_building Barracks |
| 12:44 | CDLP_Themachine · first_building Barracks |
| 13:12 | KURD478156 · first_building Barracks |
| 13:26 | LiMe86 · wall_segment Palisade Wall x11 |
| 14:09 | Leoking · age_up feudal |
| 14:24 | eaJ · age_up feudal |
| 14:26 | CDLP_Themachine · age_up feudal |
| 14:29 | CDLP_Themachine · first_building Stable |
| 15:03 | Chopipo · age_up feudal |
| 15:27 | DOM · age_up feudal |
| 15:29 | KURD478156 · first_building Stable |
| 16:06 | cagatai · age_up feudal |
| 16:08 | Leoking · first_building Dock |
| 16:29 | cagatai · first_building Barracks |
| 16:30 | eaJ · wall_segment Palisade Wall x1 |
| 16:32 | eaJ · wall_segment Palisade Wall x1 |
| 17:03 | eaJ · first_building Stable |
| 17:24 | cagatai · wall_segment Palisade Wall x4 |
| 17:26 | cagatai · wall_segment Palisade Wall x11 |
| 17:36 | cagatai · wall_segment Palisade Wall x10 |
| 18:12 | eaJ · wall_segment Palisade Wall x5 |
| 18:26 | LiMe86 · age_up feudal |
| 18:29 | LiMe86 · first_building Archery Range |
| 19:22 | Leoking · first_market_buy 100 wood |
| 20:16 | eaJ · first_market_sell 100 stone |
| 20:44 | CDLP_Themachine · age_up castle |
| 20:47 | LiMe86 · wall_segment Palisade Wall x5 |
| 20:55 | LiMe86 · wall_segment Palisade Wall x14 |
| 21:07 | LiMe86 · wall_segment Palisade Wall x8 |
| 22:23 | Leoking · first_building Stable |
| 22:50 | Chopipo · wall_segment Palisade Wall x2 |
| 23:05 | KURD478156 · first_building Archery Range |
| 24:28 | KURD478156 · first_market_buy 100 food |
| 24:51 | Leoking · age_up castle |
| 25:00 | KURD478156 · wall_segment Stone Wall x6 |
| 25:01 | Chopipo · wall_segment Palisade Wall x11 |
| 25:02 | KURD478156 · wall_segment Stone Wall x4 |
| 25:08 | KURD478156 · wall_segment Stone Wall x8 |
| 25:12 | KURD478156 · wall_segment Stone Wall x15 |
| 25:21 | CDLP_Themachine · first_building Monastery |
| 25:26 | Leoking · first_building Monastery |
| 25:51 | LiMe86 · age_up castle |
| 26:29 | Chopipo · age_up castle |
| 26:43 | KURD478156 · wall_segment Stone Wall x1 |
| 27:00 | LiMe86 · first_building Castle |
| 27:00 | DOM · first_building Stable |
| 27:03 | Chopipo · first_building Monastery |
| 27:06 | eaJ · first_market_buy 100 food |
| 27:14 | KURD478156 · first_building Siege Workshop |
| 27:56 | DOM · first_building Archery Range |
| 28:23 | CDLP_Themachine · first_building Siege Workshop |
| 28:46 | Leoking · first_building Castle |
| 28:50 | KURD478156 · wall_segment Stone Wall x18 |
| 28:53 | KURD478156 · wall_segment Stone Wall x1 |
| 28:58 | DOM · wall_segment Stone Wall x5 |
| 29:05 | Chopipo · first_building Castle |
| 29:16 | DOM · wall_segment Stone Wall x14 |
| 29:20 | DOM · wall_segment Stone Wall x4 |
| 29:23 | cagatai · age_up castle |
| 29:27 | Leoking · first_building Siege Workshop |
| 29:37 | Chopipo · first_building Siege Workshop |
| 29:39 | DOM · wall_segment Stone Wall x5 |
| 30:23 | eaJ · age_up castle |
| 30:33 | DOM · age_up castle |
| 30:49 | KURD478156 · first_building Monastery |
| 31:01 | Chopipo · wall_segment Stone Wall x8 |
| 31:04 | Chopipo · wall_segment Stone Wall x12 |
| 32:02 | cagatai · first_market_buy 100 food |
| 32:06 | eaJ · resign |
| 32:40 | DOM · first_building Monastery |
| 32:56 | Chopipo · first_market_sell 100 wood |
| 32:57 | Chopipo · first_market_buy 100 food |
| 35:33 | LiMe86 · age_up imperial |
| 36:10 | KURD478156 · first_building Castle |
| 36:26 | CDLP_Themachine · wall_segment Stone Wall x24 |
| 36:32 | Chopipo · age_up imperial |
| 36:49 | DOM · first_building Castle |
| 37:37 | Leoking · age_up imperial |
| 37:46 | CDLP_Themachine · first_building Castle |
| 38:34 | cagatai · first_building Castle |
| 41:08 | CDLP_Themachine · age_up imperial |
| 41:09 | cagatai · first_building Stable |
| 43:09 | cagatai · first_building Siege Workshop |
| 44:20 | DOM · age_up imperial |
| 47:10 | CDLP_Themachine · wall_segment Stone Wall x14 |
| 47:28 | CDLP_Themachine · wall_segment Stone Wall x28 |
| 48:23 | cagatai · wall_segment Stone Wall x25 |
| 48:36 | cagatai · wall_segment Stone Wall x12 |
| 53:45 | cagatai · age_up imperial |
| 54:22 | cagatai · first_market_sell 100 wood |
| 59:46 | CDLP_Themachine · wall_segment Stone Wall x15 |
| 62:46 | DOM · first_market_buy 100 wood |
[ AI ANALYSIS · 1 CREDIT ]
What really happened in this match?
Wolo.gg analyzes every decision: build order, eco, micro, common mistakes by bracket. Personalized analysis on WhatsApp or Discord in 30 seconds.
Civ guide
Burgundians
Perfil
CDLP_Themachine